 Dungeon Crawl Stone Soup version 0.29-a0-892-g2c4c91d9db (webtiles) character file.

Game seed: 6248327381615367566

7494 Ymberto the Skirmisher (level 11, -6/123 HPs)
             Began as a Human Hunter on July 22, 2022.
             Was a Priest of Hepliaklqana.
             Mangled by an ice devil (11 damage)
             ... on level 10 of the Dungeon.
             The game lasted 00:19:36 (10613 turns).

Ymberto the Skirmisher (Human Hunter)              Turns: 10613, Time: 00:19:37

Health: -6/123     AC: 25    Str: 11      XL:     11   Next: 38%
Magic:  11/11      EV:  2    Int:  7 (10) God:    Hepliaklqana [***...]
Gold:   672        SH:  5    Dex: 27      Spells: 10/10 levels left

rFire   . . .      SeeInvis .   a - +1 shortbow
rCold   . . .      Faith    .   (shield currently unavailable)
rNeg    . . .      Spirit   .   (body armour currently unavailable)
rPois   +          Reflect  +   (helmet currently unavailable)
rElec   .          Harm     .   (cloak currently unavailable)
rCorr   .          Rampage  .   (gloves currently unavailable)
Will    +....      NoTele   +   (boots currently unavailable)
Stlth   ++........              f - amulet of reflection
HPRegen 0.30/turn               k - ring of willpower
MPRegen 0.12/turn               c - +6 ring of dexterity

@: tree-form
A: stationary, stasis, torment immunity, boosted hp, reduced essence
a: Renounce Religion, Recall Ancestor, Ancestor Identity, Transference


You were on level 10 of the Dungeon.
You worshipped Hepliaklqana.
Hepliaklqana was most pleased with you.
You were a tree.
You visited 2 branches of the dungeon, and saw 11 of its levels.

You collected 672 gold pieces.

Inventory:

Hand Weapons
 a - a +1 shortbow (weapon)
Armour
 e - a +0 pair of boots (melded)
 r - +0 steam dragon scales (melded)
Jewellery
 c - a +6 ring of dexterity (right branch)
 f - an amulet of reflection (around neck)
 k - a ring of willpower (left branch)
 o - a ring of poison resistance
 z - a ring of flight
Wands
 j - a wand of paralysis (9)
 p - a wand of polymorph (11)
 w - a wand of light (8)
Scrolls
 b - a scroll of blinking
 m - a scroll of summoning
 u - a scroll of butterflies {unknown}
 v - a scroll of torment {unknown}
 x - 2 scrolls of magic mapping
 y - a scroll of teleportation
Potions
 g - 2 potions of lignification
 h - 2 potions of mutation
 i - 4 potions of curing
 n - a potion of haste
 s - a potion of cancellation
 t - a potion of resistance


   Skills:
 + Level 10.3 Fighting
 - Level 14.0 Ranged Weapons
 - Level 2.0 Dodging
 - Level 1.0 Stealth


You had 10 spell levels left.
You didn't know any spells.
Your spell library contained the following spells:

 Spells                   Type           Power      Damage    Failure   Level
 Sandblast                Erth           0%         2d4       43%         1
 Scorch                   Fire           0%         2d5       56%         2
 Sublimation of Blood     Necr           0%         N/A       56%         2
 Wereblood                Tmut           0%         N/A       56%         2
 Confusing Touch          Hex            0%         N/A       80%         3
 Stone Arrow              Conj/Erth      0%         3d7       80%         3
 Animate Armour           Summ/Erth      0%         N/A       99%         4
 Flame Wave               Conj/Fire      0%         2d4       99%         4
 Summon Ice Beast         Ice/Summ       0%         N/A       99%         4
 Yara's Violent Unravell  Hex/Tmut       0%         3d3       100%        5
 Summon Cactus Giant      Summ           0%         N/A       100%        6
 Enfeeble                 Hex            0%         N/A       100%        7
 Summon Hydra             Summ           0%         N/A       100%        7


Dungeon Overview and Level Annotations

Branches:
Dungeon (10/15)            Temple (1/1) D:4            Lair (0/5) D:8
    Orc: D:9-12

Altars:
Ashenzari
Cheibriados
Dithmenos
Elyvilon
Fedhas
Gozag
Hepliaklqana
Makhleb
Nemelex Xobeh
Okawaru
Qazlal
Ru
Sif Muna
Trog
Uskayaw
Vehumet
Wu Jian
Xom
Yredelemnul
Zin
The Shining One

Shops:
D:3 (   D:9 (


Message History

The ice devil hits you but does no damage.
The ice devil hits you!
* * * LOW HITPOINT WARNING * * *
The ice devil freezes you!
* * * LOW HITPOINT WARNING * * *
The orange demon is engulfed in poison gas.
The orange demon looks as sick as possible!
The orange demon stings you from afar.
* * * LOW HITPOINT WARNING * * *
You feel better.
You feel less invigorated.
The ice devil hits you but does no damage. x2
The orange demon is engulfed in poison gas.
The orange demon looks as sick as possible!
The orange demon stings you from afar.
* * * LOW HITPOINT WARNING * * *
Fire: a) +1 shortbow
Press: ? - help, Q - select action, (/) - cycle Shift-Dir - straight line, f/p - ice devil
Aim: an ice devil (75% to hit)
You shoot an arrow.
The arrow hits the ice devil but does no damage.
The ice devil barely misses you.
The ice devil hits you but does no damage.
The orange demon is engulfed in poison gas.
The orange demon looks as sick as possible!
You block the orange demon's attack.
The ynoxinul gestures.
Fire: a) +1 shortbow
Press: ? - help, Q - select action, (/) - cycle Shift-Dir - straight line, f/p - ice devil
Aim: an ice devil (75% to hit)
You shoot an arrow.
The arrow hits the ice devil but does no damage.
The ufetubus is engulfed in poison gas.
The ufetubus is poisoned.
Fire: a) +1 shortbow
Press: ? - help, Q - select action, (/) - cycle Shift-Dir - straight line, f/p - ice devil
Aim: an ice devil (75% to hit)
You shoot an arrow. The arrow barely misses the ice devil.
The ice devil hits you!
* * * LOW HITPOINT WARNING * * *
The ice devil freezes you!
You die...

* *,,*****,,* **,,* *,,* * *,,*
*,,####..§# *,,* * *,,*
*,,#.§○.☼.# *,,* * *,,*
*,,#.§§§☼☼* *,,* * *,,*
*,,#.5§§.,* *<,* * *,,*
*,,#555°,,* *,,* * *,,*
*,,*343,,,# *,,* * *,,*
***,,*#4##○.# *,,* * *,,*
*,,,,*#♣4.☼.# *,,* * *,,*
*,,,,*####.§# *,,* * *,,* *⌠,,,*
*,,# *,,* * *,,* *,,,,* *,,* *,,*
* *,,* ***,,* *,,* *,,* * *,,*
*,,* *,,* *,,* *
*,,*****,,*****,,*****,,*
*****,,,,,,,,,,,,,,,,,,,,,,,*****
,,,,,,,,,,,,,,,,,,,,,,,,,,,,,,,,,


You could see an orange demon (extremely poisoned), 2 ice devils, a neqoxec, a
ynoxinul, a quasit and 3 ufetubi.

Vanquished Creatures
  A cyclops (D:9)
  8 yaks
  2 steam dragons (D:6)
  4 water moccasins
  An orc warrior (D:9)
  3 black bears
  An ogre (D:5)
  4 centaurs
  A kobold brigand (D:9)
  2 bullfrogs (D:8)
  A gnoll sergeant (D:8)
  6 scorpions
  11 wights
  9 killer bees (D:8)
  A howler monkey (D:9)
  A quasit (D:10)
  2 hounds (D:4)
  A jelly (D:7)
  An orc priest (D:6)
  An iron imp (D:3)
  2 iguanas
  An orc wizard (D:6)
  4 gnolls
  6 adders
  3 white imps
  An ufetubus (D:5)
  2 worms (D:2)
  2 dart slugs (D:1)
  15 orcs
  7 bats
  6 endoplasms
  2 giant cockroaches (D:3)
  7 goblins
  5 hobgoblins
  9 kobolds
  3 quokkas
  4 ball pythons
  4 frilled lizards
  8 rats
152 creatures vanquished.

Vanquished Creatures (collateral kills)
  Erica (D:9)
  A shadow (D:9)
  6 yaks (D:8)
  A steam dragon (D:6)
  A water moccasin (D:8)
  A black bear (D:8)
  An ice beast (D:8)
  5 bullfrogs
  A wight (D:6)
  A killer bee (D:8)
  A gnoll (D:6)
  An adder (D:6)
  2 orcs
23 creatures vanquished.

Vanquished Creatures (others)
  A kobold brigand (D:6)
  3 hexers
  An orc wizard (D:6)
  50 fungi (D:8)
  47 plants
102 creatures vanquished.

Grand Total: 277 creatures vanquished

Notes
Turn   | Place    | Note
-------+----------+-------------------------------------------
     0 | D:1      | Ymberto the Human Hunter began the quest for the Orb.
     0 | D:1      | Reached XP level 1. HP: 16/16 MP: 1/1
    80 | D:1      | Reached XP level 2. HP: 22/22 MP: 2/2
   460 | D:1      | Reached XP level 3. HP: 27/27 MP: 3/3
   476 | D:1      | Found a faded altar of an unknown god.
   538 | D:1      | Reached skill level 5 in Ranged Weapons
  1631 | D:2      | Reached XP level 4. HP: 25/33 MP: 4/4
  2398 | D:3      | Got the Encyclopedia of Hypothermia and Minerals
  2670 | D:3      | Found Holul's Weapon Boutique.
  2891 | D:3      | Found a snail-covered altar of Cheibriados.
  2900 | D:3      | Reached skill level 6 in Ranged Weapons
  2900 | D:3      | Reached XP level 5. HP: 31/38 MP: 5/5
  3175 | D:4      | You fall into a shaft and drop 3 floors!
  3225 | D:6      | Reached skill level 7 in Ranged Weapons
  3225 | D:6      | Reached XP level 6. HP: 23/44 MP: 6/6
  3328 | D:6      | Noticed a water moccasin
  3355 | D:6      | Killed a water moccasin
  3367 | D:6      | Reached XP level 7. HP: 21/50 MP: 7/7
  3610 | D:6      | Reached skill level 8 in Ranged Weapons
  3770 | D:6      | Found a glowing silver altar of Zin.
  3771 | D:6      | Found a shadowy altar of Dithmenos.
  3835 | D:5      | Entered Level 5 of the Dungeon
  3893 | D:5      | Reached skill level 9 in Ranged Weapons
  3999 | D:5      | Noticed a water moccasin
  4204 | D:4      | Reached XP level 8. HP: 21/56 MP: 8/8
  4515 | D:4      | Found a staircase to the Ecumenical Temple.
  4524 | Temple   | Entered the Ecumenical Temple
  4627 | Temple   | Became a worshipper of Hepliaklqana the Forgotten
  5212 | D:5      | Reached skill level 10 in Ranged Weapons
  5792 | D:5      | Found a sacrificial altar of Ru.
  5799 | D:5      | Reached * piety under Hepliaklqana
  6494 | D:6      | Reached skill level 11 in Ranged Weapons
  6624 | D:6      | Reached XP level 9. HP: 54/54 MP: 9/9
  6883 | D:6      | Reached skill level 12 in Ranged Weapons
  7074 | D:6      | Reached ** piety under Hepliaklqana
  7076 | D:6      | Remembered your ancestor Gnaeus as a hexer
  8122 | D:8      | Reached skill level 13 in Ranged Weapons
  8136 | D:8      | Reached XP level 10. HP: 49/60 MP: 10/10
  8267 | D:8      | Reached skill level 14 in Ranged Weapons
  8354 | D:8      | Reached skill level 5 in Fighting
  8362 | D:8      | Found a staircase to the Lair.
  9012 | D:8      | Found a burning altar of Makhleb.
  9230 | D:8      | Reached XP level 11. HP: 77/77 MP: 11/11
  9532 | D:8      | Reached *** piety under Hepliaklqana
  9721 | D:9      | Noticed a cyclops
  9733 | D:9      | Killed a cyclops
 10215 | D:9      | Found a sparkling altar of Nemelex Xobeh.
 10270 | D:9      | Noticed Erica
 10280 | D:9      | Killed Erica
 10281 | D:9      | Reached skill level 10 in Fighting
 10492 | D:9      | Found Fosuah's Weapon Shoppe.
 10588 | D:10     | Entered Level 10 of the Dungeon
 10609 | D:10     | HP: 2/123 [ice devil (12)]
 10613 | D:10     | Mangled by an ice devil

Illustrated notes

Levels and vault maps discovered:
D:1:      amcnicky_arrival_flooded_fountain, layout_basic,
          ebering_ecumenical_altar_petrified, minmay_strange_pillars
D:2:      layout_loops_corners, serial_bayou, serial_bayou_ford_a,
          serial_bayou_lagoon_a, serial_bayou_pond_c, serial_bayou_shore_a
D:3:      layout_loops_ring, slow_altar_2, serial_shops,
          nicolae_shop_behind_doors
D:4:      layout_cave_pools, minmay_temple_entry_large_hall
D:5:      layout_loops_cross, kennysheep_mini_moat
D:6:      layout_layer_cave, jmf_multi_god_temple
D:7:      layout_loops_ring
D:8:      layout_loops_corners, lightli_temple_of_fire,
          due_lair_maze_entry_diamond, nicolae_benzene_ring
D:9:      layout_loops_ring, mainiacjoe_overflow_catwalk,
          serial_co_window_serial, co_window_corner_a, co_window_paths_a,
          co_window_paths_a, co_window_of_opportunity_a, co_window_paths_a,
          co_window_corner_b, co_window_of_opportunity_b,
          co_window_of_opportunity_c, glass_columns_b, serial_shops,
          nicolae_shop_bloodbath_and_beyond, kennysheep_opposing_triangles,
          uniq_erica
D:10:     layout_long_grid, kiku_gazebo_garden_becter, serial_demonic,
          serial_demonic_c, serial_demonic_b, serial_demonic_e,
          serial_demonic_c, serial_demonic_d, serial_demonic_d,
          serial_demonic_a, serial_demonic_e
Temple:   hellmonk_temple_of_storms

Skill      XL: |  1  2  3  4  5  6  7  8  9 10 11 |
---------------+----------------------------------+-----
Ranged Weapons | 5 6 7 9 11 13 14 | 14.0
Fighting       | 8 10 | 10.3
Dodging        | |  2.0
Stealth        | |  1.0

Action                   |  1- 3 |  4- 6 |  7- 9 | 10-12 || total
-------------------------+-------+-------+-------+-------++-------
Melee: Shortbow          |     5 |       |       |     1 ||     6
 Fire: Shortbow          |   100 |   113 |   270 |   228 ||   711
Invok: Recall Ancestor   |       |       |     1 |       ||     1
       Ancestor Life: He |       |       |     1 |       ||     1
  Use: Potion            |       |     2 |     2 |     3 ||     7
       Scroll            |       |     1 |    13 |     4 ||    18
Armor: Leather armour    |    19 |     8 |    13 |       ||    40
       Skin              |       |    47 |     3 |     6 ||    56
       Steam dragon scal |       |       |     2 |     8 ||    10
Dodge: Dodged            |    30 |    38 |    56 |    28 ||   152
Block: Other             |     3 |    19 |    25 |    16 ||    63
       Reflection        |       |     1 |     4 |     4 ||     9

Table legend: (Time is in decaauts)
 A = Elapsed time spent in this place.
 B = Non-inter-level travel time spent in this place.
 C = Inter-level travel time spent in this place.
 D = Time resting spent in this place.
 E = Time spent auto-exploring this place.
 F = Levels seen in this place.
 G = Mean time per level.
                   A        B        C        D        E       F      G
               +--------+--------+--------+--------+--------+-----+--------+
         Total |  10668 |  10354 |    314 |   1042 |   7982 |  11 |  969.8 |
       Dungeon |  10543 |  10230 |    313 |   1042 |   7960 |  10 | 1054.3 |
        Temple |    124 |    124 |      0 |      0 |     22 |   1 |  124.0 |
               +--------+--------+--------+--------+--------+-----+--------+

Top non-repeatable levels by time:
     D:6: 2058 daAuts
     D:8: 1519 daAuts
     D:1: 1227 daAuts
     D:2: 1210 daAuts
     D:4: 1081 daAuts
     D:9: 992 daAuts
     D:5: 971 daAuts
     D:3: 777 daAuts
     D:7: 683 daAuts
  Temple: 124 daAuts
    D:10: 21 daAuts
